 Dungeon Crawl Stone Soup version 0.29.1-15-g9cfb28693d (webtiles) character file.

Game seed: 3475442330251830553

9904 KamiKatze the Cleaver (level 11, -8/68 HPs)
             Began as a Gargoyle Berserker on Apr 2, 2023.
             Was an Elder of Trog.
             Killed by divine providence
             ... invoked by a smoke demon
              (12 damage)
             ... on level 2 of the Abyss.
             The game lasted 00:31:42 (9157 turns).

KamiKatze the Cleaver (Gargoyle Berserker)          Turns: 9157, Time: 00:31:43

Health: -8/68      AC: 23    Str: 22    XL:     11   Next: 53%
Magic:  11/11      EV:  9    Int: 12    God:    Trog [****..]
Gold:   543        SH:  7    Dex: 11    Spells: 10/10 levels left

rFire   + + .      SeeInvis .   a - +0 war axe
rCold   + . .      Faith    .   v - +2 buckler
rNeg    + . .      Spirit   .   i - +0 chain mail {rC+}
rPois   ∞          Reflect  .   f - +1 helmet {Int+3}
rElec   +          Harm     .   K - +0 cloak
rCorr   .          Rampage  .   (no gloves)
Will    ++...                   B - +1 pair of boots
Stlth   ..........              l - amulet of regeneration
HPRegen 2.01/turn               b - ring of protection from fire
MPRegen 0.12/turn               I - ring of protection from fire

@: strong-willed, regenerating
A: sickness immunity, AC +8, negative energy resistance 1, electricity
resistance, torment resistance 1, petrification resistance
a: Renounce Religion, Berserk, Trog's Hand, Brothers in Arms


You were on level 2 of the Abyss.
You worshipped Trog.
Trog was greatly pleased with you.
You visited 2 branches of the dungeon, and saw 11 of its levels.
You visited the Abyss 1 time.

You collected 543 gold pieces.

Inventory:

Hand Weapons
 a - a +0 war axe (weapon)
 w - a +5 morningstar
 C - the +1 spear of the Evil Eye {flame, rPois rF++ Int+3}
   (You found it on level 5 of the Dungeon)

   It burns those it strikes, dealing additional fire damage.
   Int:       It affects your intelligence (+3).
   rF:        It greatly protects you from fire.
   rPois:     It protects you from poison.
Missiles
 z - 23 poisoned darts (quivered)
 E - 3 throwing nets
Armour
 f - a +1 helmet of intelligence (worn)
 i - a +0 chain mail of cold resistance (worn)
 p - a +0 scale mail
 v - a +2 buckler (worn)
 B - a +1 pair of boots (worn)
 K - a +0 cloak (worn)
Jewellery
 b - a ring of protection from fire (left hand)
 l - an amulet of regeneration (around neck)
 t - an amulet of reflection
 I - a ring of protection from fire (right hand)
Wands
 d - a wand of charming (9)
 r - a wand of flame (21)
 A - a wand of quicksilver (12)
 H - a wand of roots (9)
 O - a wand of digging (5)
Scrolls
 c - 5 scrolls of magic mapping
 e - a scroll of noise {unknown}
 g - 2 scrolls of blinking
 h - 5 scrolls of amnesia {unknown}
 j - a scroll of fear {unknown}
 n - 2 scrolls of brand weapon {unknown}
 y - a scroll of vulnerability {unknown}
 G - a scroll of fog {unknown}
 J - 3 scrolls of poison {unknown}
 P - 2 scrolls of identify
Potions
 k - 4 potions of curing {unknown}
 m - a potion of experience {unknown}
 q - a potion of cancellation {unknown}
 s - 2 potions of mutation
 x - 2 potions of ambrosia
 D - a potion of attraction {unknown}
 F - a potion of might {unknown}
 L - 2 potions of flight {unknown}
 M - 4 potions of heal wounds
 N - a potion of brilliance {unknown}


   Skills:
 + Level 7.9 Fighting
 * Level 11.6 Axes
 - Level 4.0 Throwing
 + Level 5.7 Armour
 + Level 4.2 Dodging
 + Level 6.4 Shields
 - Level 4.0 Evocations


You had 10 spell levels left.
You didn't know any spells.
Your spell library was empty.

Dungeon Overview and Level Annotations

Branches:
Dungeon (10/15)            Temple (1/1) D:6            Lair (0/5) D:8
    Orc (0/2) D:9

Altars:
Ashenzari
Cheibriados
Elyvilon
Fedhas
Gozag
Hepliaklqana
Kikubaaqudgha
Makhleb
Nemelex Xobeh
Okawaru
Qazlal
Ru
Sif Muna
Trog
Uskayaw
Vehumet
Wu Jian
Xom
Yredelemnul
Zin
The Shining One

Annotations:
D:3 3 runed translucent doors, exclusion: 3 doors, engelados's ghost, amateur DECj
D:4 dig in w:1 kill all
D:9 3 runed translucent doors, exclusion: 3 doors, 101zpm's ghost, journeyman DjFE
D:10 Sonja


Innate Abilities, Weirdness & Mutations

You are immune to sickness and miasma.
Your stone body is resilient. (AC +8)
You are immune to poison.
You resist negative energy. (rN+)
You are resistant to electric shocks. (rElec)
You are resistant to unholy torment.
You are immune to petrification.


Message History

The small abomination is lightly damaged.
You hit the salamander. You barely miss the naga mage.
You hit the naga but do no damage. You hit the large abomination.
You hit the naga. You closely miss the wraith.
You hit the smoke demon but do no damage.
The small abomination closely misses you.
You block the wraith's attack.
The smoke demon hits you but does no damage. x3
The naga spits poison at you.
The splash of poison hits you but does no damage.
You resist. The naga closely misses you. The naga misses you.
The naga mage mumbles some strange words.
The naga mage seems to speed up.
The large abomination barely misses you.
The salamander closely misses you.
You slash the small abomination!
The small abomination is heavily damaged.
You hit the naga but do no damage.
You hit the large abomination but do no damage.
You barely miss the naga. You hit the wraith but do no damage.
You hit the smoke demon but do no damage.
You hit the salamander. You barely miss the naga mage.
The small abomination hits you but does no damage.
The smoke demon gestures at you. Something smites you!
You block the wraith's attack. The naga hits you with a +0 glaive!
The naga closely misses you. The naga spits poison at you.
You block the splash of poison. The large abomination hits you!!
* * * LOW HITPOINT WARNING * * *
The salamander barely misses you.
You slash the small abomination!
The small abomination is almost destroyed.
You hit the wraith. You slash the smoke demon! You hit the salamander.
You barely miss the guardian serpent. You hit the naga.
You hit the large abomination. You closely miss the naga.
The small abomination hits you!
* * * LOW HITPOINT WARNING * * *
The smoke demon gestures at you. Something smites you!
You die...

.##......#... .
............ #
.#........ .#
........ # #
.....# .. ##...##
. #. #.NWN.#....
# . # ###
##.X@xN.x... #..
. ##
##...N3S......
..#
..#..##..........
#.## ...#
#.#.....#.... .#
.....#... ##...##
... ......# .##
.....# ..
...##..#..##
....... . . ..
..#. #....... .
#...## # ...


You could see a salamander, a large abomination, a guardian serpent, a naga mage
(fast), a smoke demon, a wraith, 2 nagas and 2 small abominations.

Vanquished Creatures
  2 two-headed ogres
  Pikel (D:4)
  An unseen horror (D:10)
  2 trolls (D:9)
  A hornet (D:8)
  Grinder (D:3)
  Prince Ribbit (D:6)
  Sigmund (D:2)
  3 wyverns
  8 yaks
  2 steam dragons
  3 basilisks (D:8)
  2 acid dragons
  Duvessa (D:6)
  A black bear (D:6)
  2 ice beasts
  A sky beast (D:6)
  An orc warrior (D:10)
  4 ogres
  A lemure (D:4)
  4 centaurs
  2 phantoms
  3 kobold brigands
  6 bullfrogs
  A wyvern zombie (D:7)
  3 scorpions
  A water moccasin zombie (D:7)
  8 wights
  Dowan (D:6)
  A jelly (D:4)
  3 killer bees (D:8)
  7 howler monkeys
  3 bullfrog zombies (D:7)
  A centaur zombie (D:7)
  4 orc priests
  Crazy Yiuf (D:6)
  3 gnoll boudas
  Terence (D:2)
  11 orc wizards
  3 iguanas
  A killer bee zombie (D:7)
  Robin (D:3)
  18 gnolls
  6 adders
  4 shadow imps
  3 white imps
  2 ufetubi
  6 worms
  A dart slug (D:2)
  38 orcs
  5 bats
  8 endoplasms
  A giant cockroach (D:5)
  17 goblins
  13 hobgoblins
  6 jackals
  15 kobolds
  12 quokkas
  6 ball pythons
  7 frilled lizards
  5 rats
281 creatures vanquished.

Vanquished Creatures (others)
  An orc (D:5)
  3 fungi (D:1)
  8 toadstools
12 creatures vanquished.

Grand Total: 293 creatures vanquished

Notes
Turn   | Place    | Note
-------+----------+-------------------------------------------
     0 | D:1      | KamiKatze the Gargoyle Berserker began the quest for the
                  | Orb.
     0 | D:1      | Reached XP level 1. HP: 14/14 MP: 1/1
    85 | D:1      | Reached XP level 2. HP: 10/19 MP: 2/2
   115 | D:1      | Reached skill level 3 in Axes
   559 | D:1      | Reached XP level 3. HP: 18/23 MP: 3/3
   962 | D:2      | Noticed Terence
   987 | D:2      | Killed Terence
   988 | D:2      | Reached XP level 4. HP: 28/29 MP: 4/4
  1056 | D:2      | Reached skill level 1 in Evocations
  1175 | D:2      | Reached ** piety under Trog
  1249 | D:2      | Noticed Sigmund
  1258 | D:2      | Killed Sigmund
  1259 | D:2      | Reached skill level 4 in Axes
  1259 | D:2      | Reached skill level 1 in Throwing
  1259 | D:2      | Reached XP level 5. HP: 33/33 MP: 5/5
  1259 | D:2      | Reached XP level 6. HP: 38/38 MP: 6/6
  1726 | D:3      | Noticed Robin
  1766 | D:3      | Killed Robin
  1799 | D:3      | Noticed engelados's ghost (amateur DECj)
  1823 | D:3      | Found a runed translucent gate.
  1823 | D:3      | Found a runed translucent gate.
  1823 | D:3      | Found a runed translucent gate.
  1888 | D:3      | Noticed Grinder
  1901 | D:3      | Paralysed by Grinder for 5 turns
  1908 | D:3      | Killed Grinder
  1909 | D:3      | Reached skill level 5 in Axes
  1909 | D:3      | Reached XP level 7. HP: 44/44 MP: 7/7
  1968 | D:3      | Found a faded altar of an unknown god.
  2104 | D:3      | Identified the +7 whip of Focus {flame, *Corrode rPois
                  | Will+ Dex+9}
  2455 | D:3      | Found a bloodstained altar of Trog.
  2925 | D:4      | Found an iron altar of Okawaru.
  3085 | D:4      | Reached skill level 1 in Shields
  3162 | D:4      | Found a sparkling altar of Nemelex Xobeh.
  3162 | D:4      | Found a transporter.
  3162 | D:4      | Noticed a steam dragon
  3162 | D:4      | Noticed a two-headed ogre
  3183 | D:4      | Killed a steam dragon
  3184 | D:4      | Reached skill level 5 in Fighting
  3189 | D:4      | Killed a two-headed ogre
  3190 | D:4      | Reached skill level 7 in Axes
  3190 | D:4      | Reached XP level 8. HP: 17/51 MP: 8/8
  3718 | D:4      | Noticed Pikel
  3734 | D:4      | Reached *** piety under Trog
  3770 | D:4      | Reached skill level 8 in Axes
  3770 | D:4      | Reached XP level 9. HP: 55/55 MP: 9/9
  3832 | D:4      | Killed Pikel
  3833 | D:4      | Reached skill level 9 in Axes
  4078 | D:5      | Entered Level 5 of the Dungeon
  4144 | D:5      | Found an ancient bone altar of Kikubaaqudgha.
  4225 | D:5      | Identified the +1 spear of the Evil Eye {flame, rPois rF++
                  | Int+3}
  4271 | D:5      | Found a sacrificial altar of Ru.
  4504 | D:5      | Reached skill level 10 in Axes
  4927 | D:6      | Noticed Dowan
  4993 | D:6      | Killed Dowan
  5309 | D:6      | Found a hazy altar of Hepliaklqana.
  5310 | D:6      | Found a shimmering altar of Xom.
  5311 | D:6      | Noticed a spectral ugly thing
  5412 | D:6      | Noticed Prince Ribbit
  5438 | D:6      | Killed Prince Ribbit
  5439 | D:6      | Reached XP level 10. HP: 51/61 MP: 10/10
  5459 | D:6      | Noticed Duvessa
  5469 | D:6      | Killed Duvessa
  5687 | D:6      | Found a runed translucent door.
  5688 | D:6      | Noticed Crazy Yiuf
  5694 | D:6      | Killed Crazy Yiuf
  5798 | D:6      | Found a staircase to the Ecumenical Temple.
  5807 | Temple   | Entered the Ecumenical Temple
  6136 | D:7      | Found a hide-covered altar of Uskayaw.
  6165 | D:7      | Found a broken altar of Ashenzari.
  6366 | D:7      | Reached **** piety under Trog
  6534 | D:7      | Reached skill level 5 in Shields
  6592 | D:7      | Found a basalt altar of Yredelemnul.
  6862 | D:8      | Found a shimmering blue altar of Sif Muna.
  6898 | D:8      | Found a burning altar of Makhleb.
  7007 | D:8      | Noticed a two-headed ogre
  7055 | D:8      | Killed a two-headed ogre
  7316 | D:8      | Reached skill level 11 in Axes
  7340 | D:8      | Reached XP level 11. HP: 60/67 MP: 11/11
  7379 | D:8      | Reached skill level 5 in Armour
  7385 | D:8      | Found a staircase to the Lair.
  8317 | D:9      | Found a staircase to the Orcish Mines.
  8490 | D:9      | Found a runed translucent gate.
  8491 | D:9      | Found a runed translucent gate.
  8492 | D:9      | Found a runed translucent gate.
  8496 | D:9      | Identified the +1 plate armour of Etevoimi {rF+ Will-
                  | Str+4}
  8498 | D:9      | Noticed 101zpm's ghost (journeyman DjFE)
  8751 | D:10     | Entered Level 10 of the Dungeon
  9090 | D:10     | Noticed Sonja
  9091 | Abyss:2  | Cast into level 2 of the Abyss (Sonja)
  9151 | Abyss:2  | Noticed a salamander
  9157 | Abyss:2  | Killed from afar by a smoke demon

Illustrated notes

Levels and vault maps discovered:
D:1:      ldierk_walled_garden_2, layout_basic, dreamdust_mushroom_princess,
          dk_noncrumbling_3
D:2:      layout_basic, chequers_serial_rivers_micro_c, st_stairs_4,
          uniq_terence, uniq_sigmund
D:3:      layout_loops_cross, lemuel_tele_altar, gammafunk_ghost_icy,
          shapermc_ecumenical_altar_acropolis, chequers_jeans,
          nicolae_elevator_lobby_asterisk, uniq_robin, uniq_grinder
D:4:      minmay_bubble_buster, layout_loops_corners, grunt_nemelex_the_gamble,
          okawaru_gym_becter, lightli_corner_chamber, uniq_pikel
D:5:      layout_loops_cross, nicolae_ru_great_annihilating_truth,
          kiku_gazebo_pond_becter
D:6:      layout_basic, regret_index_temple_of_mockery,
          minmay_temple_entry_glassed_door, nicolae_zen_rock_garden,
          uniq_duvessa, uniq_prince_ribbit1, uniq_crazy_yiuf_cottage
D:7:      layout_loops_ring, nicolae_yredelemnul_corpse_copse,
          nicolae_uskayaw_murder_on_the_dancefloor,
          mainiacjoe_overflow_cross_hatched
D:8:      layout_basic, mainiacjoe_overflow_catch_the_wave, erik_lair_dragon
D:9:      layout_cave_pools, orc_0_dummy, biasface_ghost_orc_armoury
D:10:     layout_rooms, grunt_dithmenos_shadows, hangedman_decor_slide_cut,
          minmay_gold_behind_fungi, uniq_sonja, uniq_lodul
Temple:   nicolae_temple_cloud_nine
Abyss:2:  base:
D:3

Skill      XL: |  1  2  3  4  5  6  7  8  9 10 11 |
---------------+----------------------------------+-----
Axes           | 3 4 5 7 8 10 11 | 11.6
Evocations     | 1 2 3 4 |  4.0
Fighting       | 4 6 7 |  7.9
Throwing       | 1 2 3 4 |  4.0
Armour         | 3 4 5 |  5.7
Dodging        | 2 3 4 |  4.2
Shields        | 4 5 6 |  6.4

Action                   |  1- 3 |  4- 6 |  7- 9 | 10-12 || total
-------------------------+-------+-------+-------+-------++-------
Melee: Hand axe          |    78 |   108 |   453 |       ||   639
       Punch             |       |       |     1 |       ||     1
       War axe           |       |       |    94 |   502 ||   596
       Whip              |       |       |    14 |       ||    14
       Mace              |       |       |    12 |       ||    12
Throw: Dart              |       |       |     4 |     3 ||     7
Invok: Berserk           |     1 |     1 |     5 |     7 ||    14
       Trog's Hand       |       |     1 |     3 |     7 ||    11
  Use: Scroll            |       |       |     2 |     4 ||     6
 Stab: Invisible         |       |       |     2 |       ||     2
       Paralysed         |       |       |     1 |       ||     1
Armor: Animal skin       |    16 |       |       |       ||    16
       Leather armour    |    11 |    12 |       |       ||    23
       Scale mail        |       |    33 |   267 |   239 ||   539
       Chain mail        |       |       |       |   124 ||   124
Dodge: Dodged            |    34 |    57 |   208 |   224 ||   523
Block: Buckler           |       |       |   122 |   188 ||   310
